 Dungeon Crawl Stone Soup version 0.31.0-12-g77e489cdc1 (webtiles) character file.

Game seed: 18097239036436382810

674 angrytalen3 the Cleaver (level 7, -1/56 HPs)
             Began as a Minotaur Gladiator on Feb 26, 2024.
             Slain by an ufetubus (2 damage)
             ... on level 5 of the Dungeon.
             The game lasted 00:10:04 (3202 turns).

angrytalen3 the Cleaver (Minotaur Gladiator)        Turns: 3202, Time: 00:10:06

Health: -1/56      AC: 11    Str: 21    XL:     7   Next: 33%
Magic:  6/6        EV:  9    Int:  5    God:
Gold:   240        SH:  0    Dex: 11    Spells: 6/6 levels left

rFire   . . .        a - +0 war axe
rCold   . . .        (no shield)
rNeg    . . .        t - +0 chain mail
rPois   .            c - +0 hat
rElec   .            g - scarf {repulsion}
rCorr   .            C - +0 pair of gloves
SInv    .            A - +1 pair of boots
Will    +....        (no amulet) Stlth
                     G - ring of willpower
HPRegen 0.29/turn    (no ring)
MPRegen 0.10/turn

%: repel missiles
@: lethally poisoned (-1 -> -6)
A: horns 2, retaliatory headbutt
a: no special abilities


You were on level 5 of the Dungeon.
You visited 1 branch of the dungeon, and saw 5 of its levels.

You collected 240 gold pieces.

Inventory:

Hand Weapons
 a - a +0 war axe (weapon)
 p - a +0 hand axe of venom
Missiles
 d - a throwing net (quivered)
 e - 6 javelins
 n - 9 boomerangs
Armour
 b - a +0 leather armour
 c - a +0 hat (worn)
 g - a scarf of repulsion (worn)
 j - a +0 ring mail
 t - a +0 chain mail (worn)
 A - a +1 pair of boots (worn)
 C - a +0 pair of gloves (worn)
Jewellery
 G - a ring of willpower (left hand)
Wands
 y - a wand of polymorph (14)
Scrolls
 f - 4 scrolls of teleportation {unknown}
 h - a scroll of noise {unknown}
 m - a scroll of enchant armour {unknown}
 o - 2 scrolls of blinking {unknown}
 q - a scroll of revelation {unknown}
 r - 4 scrolls of identify {unknown}
 w - a scroll of fog {unknown}
 x - a scroll of amnesia {unknown}
 B - a scroll of acquirement {unknown}
 E - a scroll of silence {unknown}
Potions
 i - a potion of invisibility {unknown}
 k - 2 potions of curing {unknown}
 l - a potion of might {unknown}
 s - a potion of brilliance {unknown}
 u - 3 potions of enlightenment {unknown}
 v - 2 potions of mutation {unknown}
 z - a potion of degeneration {unknown}
 D - a potion of ambrosia {unknown}
 F - a potion of heal wounds {unknown}


   Skills:
 - Level 2.4 Fighting
 + Level 10.2 Axes
 - Level 2.0 Throwing
 - Level 0.7 Armour
 - Level 3.2 Dodging


You had 6 spell levels left.
You didn't know any spells.
Your spell library contained the following spells:

 Spells                   Type           Power      Damage    Failure   Level
 Summon Small Mammal      Summ           0%         N/A       99%         1
 Cigotuvi's Dreadful Rot  Necr/Alch/Air  0%         N/A       99%         2
 Call Canine Familiar     Summ           0%         N/A       100%        3
 Ignite Poison            Fire/Alch      0%         N/A       100%        4
 Summon Blazeheart Golem  Fire/Summ      0%         N/A       100%        4
 Freezing Cloud           Conj/Ice/Air   0%         6-21      100%        5


Dungeon Overview and Level Annotations

Branches:
Dungeon (5/15)
 Temple: D:4-7

Altars:

Shops:
D:2 [   D:4 **


Innate Abilities, Weirdness & Mutations

You have a pair of horns on your head.
You reflexively headbutt those who attack you in melee.


Message History

* * * LOW HITPOINT WARNING * * *
Throw: 2 throwing nets
Press: ? - help, Q - select action, (/) - cycle Shift-Dir - straight line, f - ogre
Aim: an ogre, wielding a +0 giant spiked club (almost dead, 71% to hit)
You throw a throwing net. The throwing net hits the ogre.
The ogre is caught in the net!
The ogre is almost dead.
The water moccasin bites you.
* * * LOW HITPOINT WARNING * * *
You are poisoned.
The water moccasin poisons you! The ufetubus slips past you!
The ufetubus barely misses you.
The ufetubus hits you but does no damage. x3
You slash the ogre!
You kill the ogre!
You closely miss the water moccasin. You closely miss the ufetubus.
You slash the ufetubus!
You feel very sick. The ufetubus completely misses you.
You furiously retaliate!
You headbutt the ufetubus.
The ufetubus hits you but does no damage.
The ufetubus hits you.
* * * LOW HITPOINT WARNING * * *
The ufetubus hits you but does no damage.
The water moccasin bites you.
* * * LOW HITPOINT WARNING * * *
The ufetubus barely misses you.
The ufetubus hits you but does no damage.
The water moccasin bites you.
* * * LOW HITPOINT WARNING * * *
The ufetubus hits you but does no damage.
The ufetubus closely misses you.
Your Axes skill increases to level 10!
You hit the water moccasin but do no damage.
Your headbutt misses the water moccasin.
The water moccasin is lightly wounded.
You closely miss the ufetubus. x2; You hit the iguana.
* * * LOW HITPOINT WARNING * * *
You feel sick. The ufetubus hits you.
You die...

+... .##. ##
#+###..##..## ..#
##..#........#..$#
.................#
.................#
#..#...>....#. #
#..#........#. #.
#..5..........###..
#.@l............+..
#S5#........#...#..
#..##..##..##..##..
#..###########ยง##..
#..# #......#.. #..#
#...[..#.. ...#
#......#.. ...#
#......#..
#......#..


You could see a water moccasin, an iguana and 2 ufetubi.

Vanquished Creatures
  Sigmund (D:3)
  2 ogres
  A phantom (D:5)
  An orc priest (D:3)
  Natasha (thrice) (D:3)
  7 gnolls
  3 adders
  A ribbon worm (D:2)
  5 orcs
  7 endoplasms
  6 giant cockroaches
  2 goblins
  10 hobgoblins
  5 jackals
  3 quokkas
  3 ball pythons
  5 bats
  2 frilled lizards
  6 kobolds
  3 rats
76 creatures vanquished.

Notes
Turn   | Place    | Note
-------+----------+-------------------------------------------
     0 | D:1      | angrytalen3 the Minotaur Gladiator began the quest for the
                  | Orb.
     0 | D:1      | Reached XP level 1. HP: 18/18 MP: 0/0
    94 | D:1      | Reached skill level 4 in Axes
   244 | D:1      | Reached XP level 2. HP: 16/25 MP: 1/1
   867 | D:2      | Reached skill level 5 in Axes
   867 | D:2      | Reached XP level 3. HP: 16/30 MP: 2/2
  1113 | D:2      | Reached XP level 4. HP: 37/37 MP: 3/3
  1265 | D:2      | Found Veinnywn's Armour Shop.
  1312 | D:2      | Reached skill level 6 in Axes
  1666 | D:3      | Noticed Sigmund
  1669 | D:3      | Noticed Natasha
  1678 | D:3      | Killed Natasha
  1681 | D:3      | Killed Sigmund
  1682 | D:3      | Reached skill level 8 in Axes
  1682 | D:3      | Reached XP level 5. HP: 26/42 MP: 4/4
  1682 | D:3      | Reached XP level 6. HP: 31/50 MP: 5/5
  1914 | D:3      | Noticed Natasha
  1919 | D:3      | Killed Natasha
  1984 | D:3      | Noticed Natasha
  1998 | D:3      | Killed Natasha
  2246 | D:3      | Found a faded altar of an unknown god.
  2627 | D:4      | Reached skill level 9 in Axes
  2806 | D:4      | Reached XP level 7. HP: 49/56 MP: 6/6
  2977 | D:4      | Found Oruowiwa's Specific Store.
  2977 | D:4      | Found Xies Wew's General Store.
  3112 | D:5      | Entered Level 5 of the Dungeon
  3201 | D:5      | HP: 2/56 [water moccasin (4)]
  3202 | D:5      | Reached skill level 10 in Axes
  3202 | D:5      | Slain by an ufetubus

Illustrated notes

Levels and vault maps discovered:
D:1:      ncdulo_wetmaze, layout_rooms
D:2:      layout_basic, serial_shops, nicolae_shop_advertising_works
          [nicolae_subvault_shop_adworks], minmay_domino_2
D:3:      layout_loops_cross, hellmonk_ecumenical_altar_crossroads,
          uniq_sigmund, uniq_natasha
D:4:      layout_cave_pools, nicolae_specific_store
D:5:      layout_gridville, vehumet_statue, lemuel_temple_firewalk_b,
          st_stairs_5

Skill      XL: |  1  2  3  4  5  6  7 |
---------------+----------------------+-----
Axes           | 4 5 8 9 10 | 10.2
Fighting       | |  2.4
Throwing       | |  2.0
Armour         | |  0.7
Dodging        | |  3.2

Action                     |  1- 3 |  4- 6 |  7- 9 || total
---------------------------+-------+-------+-------++-------
  Melee: War axe           |    54 |    98 |    15 ||   167
         Headbutt          |     5 |    14 |     2 ||    21
  Throw: Boomerang         |       |     6 |       ||     6
         Throwing net      |       |     1 |     1 ||     2
   Stab: Sleeping          |       |       |     1 ||     1
 Armour: Leather armour    |    11 |       |       ||    11
         Ring mail         |    30 |       |       ||    30
         Chain mail        |     1 |    88 |    31 ||   120
  Dodge: Dodged            |    26 |    57 |    14 ||    97
